 Dungeon Crawl Stone Soup version 0.27-a0-1196-g3e9cee4cb2 (webtiles) character file.

Game seed: 17068203345152047711

19 karrick the Sneak (level 2, -3/19 HPs)
             Began as a Vampire Enchanter on May 30, 2021.
             Slain by a kobold
             ... wielding a +0 whip
              (5 damage)
             ... on level 1 of the Dungeon.
             The game lasted 00:00:53 (363 turns).

karrick the Sneak (Vampire Enchanter)                Turns: 363, Time: 00:00:54

Health: -3/19      AC:  2    Str:  7    XL:     2   Next: 55%
Magic:  4/5        EV: 12    Int: 17    God:
Gold:   5          SH:  0    Dex: 14    Spells: 4/5 levels left

rFire    . . .     SeeInvis +   a - +1 dagger
rCold    . . .     Faith    .   (no shield)
rNeg     . . .     Spirit   .   b - +0 robe
rPois    .         Reflect  .   (no helmet)
rElec    .         Harm     .   (no cloak)
rCorr    .         Rampage  .   (no gloves)
Will     .....                  (no boots)
Stlth    +++.......             (no amulet)
HPRegen  0.26/turn              (no ring)
MPRegen  0.09/turn              (no ring)

@: healing quickly
A: alive, fangs 3, see invisible, vampiric 1
a: Exsanguinate


You were on level 1 of the Dungeon.
You visited 1 branch of the dungeon, and saw 1 of its levels.

You collected 5 gold pieces.

Inventory:

Hand Weapons
 a - a +1 dagger (weapon)
Armour
 b - a +0 robe (worn)
 d - a +2 scale mail of fire resistance
Scrolls
 e - 2 scrolls of identify {unknown}
 f - a scroll of fear {unknown}
Potions
 c - a potion of brilliance {unknown}


   Skills:
 + Level 0.1 Fighting
 + Level 1.1 Short Blades
 + Level 2.2 Dodging
 * Level 5.3 Stealth
 + Level 2.0 Spellcasting
 * Level 5.0 Hexes


You had 4 spell levels left.
You knew the following spells:

 Your Spells              Type           Power      Damage    Failure   Level
a - Corona                Hex            20%        N/A       2%          1

Your spell library contained the following spells:

 Spells                   Type           Power      Damage    Failure   Level
 Confusing Touch          Hex            18%        N/A       8%          3
 Tukima's Dance           Hex            18%        N/A       8%          3
 Ensorcelled Hibernation  Hex/Ice        20%        N/A       11%         2
 Dazzling Flash           Conj/Hex       20%        N/A       21%         3


Dungeon Overview and Level Annotations

Branches:
Dungeon (1/15)

Altars:


Innate Abilities, Weirdness & Mutations

Your natural rate of healing is accelerated.
You have razor-sharp teeth.
You have supernaturally acute eyesight. (SInv)
You are afflicted with vampirism.


Message History

You kill the goblin!
A kobold comes into view. It is wielding a +0 whip.
Found an inky potion.
The helpless bat fails to defend itself.
You impale the bat!!
You kill the bat!
The kobold throws a stone.
The stone barely misses you. The kobold hits you with a +0 whip.
You hit the kobold.
The kobold is moderately wounded.
The kobold hits you with a +0 whip.
You miss the kobold.
The kobold is moderately wounded.
The kobold hits you with a +0 whip.
You barely miss the kobold.
The kobold is moderately wounded.
The kobold hits you but does no damage.
You hit the kobold but do no damage.
The kobold is moderately wounded.
The kobold hits you with a +0 whip.
You barely miss the kobold.
The kobold is moderately wounded.
The kobold hits you with a +0 whip.
* * * LOW HITPOINT WARNING * * *
You are too injured to fight recklessly!
You are too injured to fight recklessly!
Casting: Corona (safe; 2% risk of failure)
Confirm with . or Enter, or press ? or * to list all spells.
Aiming: Corona (safe; 2% risk of failure)
Press: ? - help, Shift-Dir - straight line, f - kobold
Aim: a kobold, wielding a +0 whip and quivering stones (moderately wounded, chance to affect: 73%)
The kobold is outlined in light.
The kobold barely misses you.
You barely miss the kobold. You bite the kobold, but do no damage.
The kobold is moderately wounded.
The kobold hits you with a +0 whip.
* * * LOW HITPOINT WARNING * * *
You hit the kobold.
The kobold is severely wounded.
The kobold hits you with a +0 whip.
You die...

.......##........#
. #..≈≈.
.................##
..##....
######..#.........#
...#####
#............#
#....###
#..##.#......##
#......
.....##)....:..!#
#....
.##.##...........
####.
#..............
..#####'
.....#>.@.......
........
.....#...K......
#####...
.....##.........
###. ....
.........# #. .##
##........# ##
###...##.. ...# ##
...#


You could see a kobold (corona).

Vanquished Creatures
  4 endoplasms (D:1)
  A giant cockroach (D:1)
  A goblin (D:1)
  A hobgoblin (D:1)
  2 jackals (D:1)
  A kobold (D:1)
  2 ball pythons (D:1)
  3 bats (D:1)
15 creatures vanquished.

Notes
Turn   | Place    | Note
-------+----------+-------------------------------------------
     0 | D:1      | karrick the Vampire Enchanter began the quest for the Orb.
     0 | D:1      | Reached XP level 1. HP: 13/13 MP: 3/3
   114 | D:1      | Found a faded altar of an unknown god.
   163 | D:1      | Reached XP level 2. HP: 19/19 MP: 5/5
   186 | D:1      | Reached skill level 5 in Stealth
   247 | D:1      | Reached skill level 5 in Hexes
   363 | D:1      | Slain by a kobold

Illustrated notes

Levels and vault maps discovered:
D:1:      dpeg_arrival_concentric_ovals, layout_rooms,
          ebering_ecumenical_altar_abandoned

Skill      XL: |  1  2 |
---------------+-------+-----
Stealth        | 5 |  5.3
Hexes          | 5 |  5.0
Fighting       | |  0.1
Short Blades   | |  1.1
Dodging        | |  2.2
Spellcasting   | |  2.0

Action                   || total
-------------------------++-------
Melee: Dagger            ||    64
       Bite              ||     2
 Cast: Corona            ||     1
 Stab: Sleeping          ||     5
Armor: Robe              ||    13
Dodge: Dodged            ||    35

Table legend: (Time is in decaauts)
 A = Elapsed time spent in this place.
 B = Non-inter-level travel time spent in this place.
 C = Inter-level travel time spent in this place.
 D = Time resting spent in this place.
 E = Time spent auto-exploring this place.
 F = Levels seen in this place.
 G = Mean time per level.
                   A        B        C        D        E       F      G
               +--------+--------+--------+--------+--------+-----+--------+
         Total |    360 |    360 |      0 |      0 |    203 |   1 |  360.0 |
       Dungeon |    360 |    360 |      0 |      0 |    203 |   1 |  360.0 |
               +--------+--------+--------+--------+--------+-----+--------+

Top non-repeatable levels by time:
     D:1: 360 daAuts
